[Event "DFMMLV 2019"]
[Site "Braunfels"]
[Date "2019.06.23"]
[Round "5.10"]
[White "Siegl, Melina"]
[Black "Zhang, Fan"]
[Result "1/2-1/2"]
[ECO "C00"]
[WhiteElo "2029"]
[BlackElo "2069"]
[Annotator "NA"]
[PlyCount "95"]
[EventDate "2019.06.20"]
[EventType "team-tourn"]
[EventCountry "GER"]
[SourceTitle "playchess.com"]
[Source "ChessBase"]
[SourceQuality "1"]
[WhiteTeam "Bayern 1"]
[BlackTeam "Baden"]
[TimeControl "40/5400+30:1800+30"]

1. e4 e6 2. d3 d5 3. Nd2 dxe4 4. dxe4 Bc5 5. Ngf3 Nf6 6. h3 {[%emt 0:04:12] C00: French: Unusual White 2nd moves} e5 7. Bc4 O-O 8. Qe2 $146 ({Predecessor:} 8. O-O Nc6 9. c3 a5 10. a4 h6 11. Re1 Qe7 12. Nf1 Be6 13. Qb3 Bxc4 14. Qxc4 {1-0 (78) Li,R (2585)-Shen,C (2276) Philadelphia 2018}) 8... Nc6 9. c3 a6 10. Nf1 Qd6 11. Bb3 Be6 12. Bc2 Rad8 13. g4 b5 14. N3d2 Ne7 15. b3 b4 16. Ng3 bxc3 17. Nf3 Bd7 18. a4 Bc8 19. O-O Nc6 20. Rd1 Qe6 21. Be3 Nd4 22. Bxd4 Bxd4 23. Nf5 Bc5 24. Ng5 Qb6 25. Ne3 Bxe3 26. fxe3 a5 27. Kf2 Ba6 28. Qe1 Qb4 29. Nf3 Nxe4+ 30. Bxe4 Qxe4 31. Qxc3 Bb7 32. Ne1 Qh1 33. Qxe5 Qc6 34. Rac1 Qb6 35. Qe7 Rxd1 36. Rxd1 c5 37. Rd7 Bh1 38. Rd3 g6 39. Rc3 Rc8 40. Nd3 Qc6 41. Ne5 Qg2+ 42. Ke1 Qg3+ 43. Ke2 Bd5 44. g5 (44. Nd7 $11) 44... Qxh3 45. Rxc5 $11 Qg2+ 46. Ke1 Qg3+ 47. Ke2 Qg2+ 48. Ke1 1/2-1/2

[Event "DFMMLV 2019"]
[Site "Braunfels"]
[Date "2019.06.23"]
[Round "5.11"]
[White "Frank, Tena"]
[Black "Stangl, Anita"]
[Result "1-0"]
[ECO "D31"]
[WhiteElo "1937"]
[BlackElo "2010"]
[Annotator "NA"]
[PlyCount "55"]
[EventDate "2019.06.20"]
[EventType "team-tourn"]
[EventCountry "GER"]
[SourceTitle "playchess.com"]
[Source "ChessBase"]
[SourceQuality "1"]
[WhiteTeam "Baden"]
[BlackTeam "Bayern 1"]
[TimeControl "40/5400+30:1800+30"]

1. d4 e6 2. c4 d5 3. Nc3 c6 4. Nf3 dxc4 5. a4 Bb4 6. e3 b5 7. Bd2 a5 8. Rb1 Ba6 9. Ne5 Ra7 10. Nxc6 Nxc6 11. axb5 Bxc3 12. bxc3 Bb7 13. bxc6 Bxc6 14. Bxc4 Bxg2 15. Bb5+ Kf8 16. Rg1 Be4 17. Ra1 Nf6 18. c4 Qc7 19. Rg3 g6 20. f3 Bb7 21. Kf2 Nh5 22. Rg2 Qd8 23. Bc3 Qh4+ 24. Kg1 Qh3 25. Rf2 g5 26. d5 Rg8 27. dxe6 Qxe6 28. Qd8+ 1-0

[Event "DFMMLV 2019"]
[Site "Braunfels"]
[Date "2019.06.23"]
[Round "5.12"]
[White "Ankerst, Milka"]
[Black "Schneider, Birgit"]
[Result "1-0"]
[ECO "B30"]
[WhiteElo "2005"]
[BlackElo "1874"]
[Annotator "NA"]
[PlyCount "75"]
[EventDate "2019.06.20"]
[EventType "team-tourn"]
[EventCountry "GER"]
[SourceTitle "playchess.com"]
[Source "ChessBase"]
[SourceQuality "1"]
[WhiteTeam "Bayern 1"]
[BlackTeam "Baden"]
[TimeControl "40/5400+30:1800+30"]

1. e4 c5 2. Nf3 Nc6 3. d3 g6 4. g3 Bg7 5. c3 d6 6. Bg2 e6 7. O-O Nge7 8. Re1 O-O 9. Nbd2 Rb8 10. Nf1 b5 11. a3 a5 12. d4 cxd4 13. cxd4 b4 14. Be3 bxa3 15. bxa3 Ba6 16. Qd2 a4 17. Rab1 Qa5 18. h4 Rfc8 19. Qd1 Rxb1 20. Qxb1 Rb8 21. Qc1 Bxf1 22. Bxf1 Qa8 23. h5 d5 24. hxg6 hxg6 25. Bd3 Rc8 26. Qd1 dxe4 27. Bxe4 Nd5 28. Ng5 Nc3 29. Qf3 Nxe4 30. Qxf7+ Kh8 31. Nxe4 Nxd4 32. Bxd4 Bxd4 33. Kg2 Rc5 34. Qxg6 Bg7 35. Rh1+ Kg8 36. Qxe6+ Kf8 37. Rh4 Re5 38. Rf4+ 1-0

[Event "DFMMLV 2019"]
[Site "Braunfels"]
[Date "2019.06.23"]
[Round "5.13"]
[White "Boettger, Sina Fleur"]
[Black "Mehling, Katharina"]
[Result "1/2-1/2"]
[ECO "A10"]
[WhiteElo "1744"]
[BlackElo "1974"]
[Annotator "NA"]
[PlyCount "134"]
[EventDate "2019.06.20"]
[EventType "team-tourn"]
[EventCountry "GER"]
[SourceTitle "playchess.com"]
[Source "ChessBase"]
[SourceQuality "1"]
[WhiteTeam "Baden"]
[BlackTeam "Bayern 1"]
[TimeControl "40/5400+30:1800+30"]

1. c4 f5 2. Nc3 Nf6 3. g3 g6 4. Bg2 Bg7 5. Nf3 O-O 6. O-O d6 7. d3 e5 8. e4 c5 {[%emt 0:21:00] A21: English Opening: 1...e5 2 Nc3} (8... Nc6 9. Nd5 Be6 10. Bg5 Qd7 11. Re1 Nh5 12. exf5 Bxf5 13. Qd2 Bg4 14. Nh4 Rf7 15. Be4 Nd4 16. Be3 c6 17. Bxd4 cxd5 18. Bxd5 exd4 {1-0 (34) Kriebel,T (2445)-Svoboda,S (2441) Slovakia 2017}) 9. Bg5 h6 10. Bxf6 Qxf6 $146 ({Predecessor:} 10... Bxf6 11. a3 Nc6 12. Rb1 f4 13. Nd5 g5 14. Ne1 g4 15. f3 h5 16. Nc2 {0-1 (33) Acosta,A (2270)-Vallejo Pons,F (2325) Los Barrios 1995}) 11. Nd5 Qf7 12. exf5 gxf5 13. Rb1 Na6 14. a3 Nc7 15. Nxc7 Qxc7 16. b4 a6 17. Nh4 Rb8 18. Bd5+ Kh7 19. Qh5 Qd8 20. bxc5 Qg5 21. Qf3 dxc5 22. Rb6 Rf6 23. Rfb1 Qg4 24. Qe3 Qd4 25. Qe2 Qg4 26. Qxg4 fxg4 27. Be4+ Kg8 28. Rxf6 Bxf6 29. Rb6 Kf7 30. Bd5+ Kg7 31. Kg2 Bg5 32. f3 gxf3+ 33. Kxf3 Bc1 34. a4 Bd7 35. Rxb7 Rxb7 36. Bxb7 Bxa4 37. Bxa6 Kf6 38. Bb7 Bb2 39. Be4 Kg5 40. h3 Bd1+ 41. Kg2 Bc3 42. Nf5 Bd2 43. Ne7 Kf6 44. Nd5+ Ke6 45. Nc7+ Kd6 {[%emt 0:00:59] [#]} 46. Nd5 (46. Nb5+ $1 $16 Ke7 47. Kf1) 46... Ke6 $1 47. Kf2 Ba5 48. Ne3 Ba4 49. Nf5 Bd2 50. Ke2 Bc1 51. h4 Kf6 52. Ne3 Bd7 53. Bf3 Be6 $16 54. Be4 Bb2 55. Kf3 Bc1 56. Ng4+ Bxg4+ 57. Kxg4 Be3 58. Kf3 Bc1 59. g4 Bd2 60. Bf5 h5 61. Ke4 hxg4 62. Bxg4 Be1 63. Kd5 Bf2 64. Bh5 Kg7 65. Kxe5 Kh6 66. Be8 Bd4+ 67. Ke6 Bg1 1/2-1/2

[Event "DFMMLV 2019"]
[Site "Braunfels"]
[Date "2019.06.23"]
[Round "5.14"]
[White "Braun, Kristin"]
[Black "Grining, Maria"]
[Result "1-0"]
[ECO "C55"]
[WhiteElo "1895"]
[BlackElo "1709"]
[Annotator "NA"]
[PlyCount "49"]
[EventDate "2019.06.20"]
[EventType "team-tourn"]
[EventCountry "GER"]
[SourceTitle "playchess.com"]
[Source "ChessBase"]
[SourceQuality "1"]
[WhiteTeam "Bayern 1"]
[BlackTeam "Baden"]
[TimeControl "40/5400+30:1800+30"]

1. e4 e5 2. Nf3 Nc6 3. Bc4 Nf6 4. d3 Be7 5. c3 O-O 6. Nbd2 d5 7. exd5 Nxd5 8. Ne4 h6 9. h3 Nf6 10. Qe2 Kh8 11. g4 Nxe4 12. dxe4 f6 13. Nh4 Qe8 14. Nf5 Bc5 15. b4 Bd6 16. Qd2 Bxf5 17. gxf5 Rd8 18. Qe2 a5 19. b5 Nb8 20. Rg1 Nd7 21. Rg6 Rf7 22. Qh5 Nf8 23. Bxf7 Qxf7 24. Rxh6+ Kg8 25. Rh8# 1-0

[Event "DFMMLV 2019"]
[Site "Braunfels"]
[Date "2019.06.23"]
[Round "5.15"]
[White "Doll, Rebecca"]
[Black "Spiel, Marianne"]
[Result "1/2-1/2"]
[ECO "C06"]
[WhiteElo "1678"]
[BlackElo "1894"]
[Annotator "NA"]
[PlyCount "60"]
[EventDate "2019.06.20"]
[EventType "team-tourn"]
[EventCountry "GER"]
[SourceTitle "playchess.com"]
[Source "ChessBase"]
[SourceQuality "1"]
[WhiteTeam "Baden"]
[BlackTeam "Bayern 1"]
[TimeControl "40/5400+30:1800+30"]

1. e4 e6 2. d4 d5 3. Nd2 Nf6 4. e5 Nfd7 5. Bd3 c5 6. c3 Nc6 7. Ne2 cxd4 8. cxd4 f6 9. exf6 Nxf6 10. O-O Bd6 11. Nf3 O-O 12. h3 Qc7 13. Be3 Bd7 14. Rc1 Be8 15. Ng5 Qe7 16. Re1 h6 17. Nf3 Bh5 18. Ng3 Bxf3 19. Qxf3 Ne4 20. Qg4 Nxg3 21. fxg3 Rf6 22. a3 Raf8 23. Rf1 Rxf1+ 24. Rxf1 Rxf1+ 25. Kxf1 Qf6+ 26. Ke2 Ne7 27. Qf3 Nf5 28. Bxf5 Qxf5 29. Qxf5 exf5 30. Bf4 Bxf4 1/2-1/2

[Event "DFMMLV 2019"]
[Site "Braunfels"]
[Date "2019.06.23"]
[Round "5.16"]
[White "Albayrak, Aylin"]
[Black "Landenberger, Anja Kathrin"]
[Result "0-1"]
[ECO "A50"]
[WhiteElo "1720"]
[BlackElo "1781"]
[Annotator "NA"]
[PlyCount "98"]
[EventDate "2019.06.20"]
[EventType "team-tourn"]
[EventCountry "GER"]
[SourceTitle "playchess.com"]
[Source "ChessBase"]
[SourceQuality "1"]
[WhiteTeam "Bayern 1"]
[BlackTeam "Baden"]
[TimeControl "40/5400+30:1800+30"]

1. d4 Nf6 2. c4 c6 3. Nc3 d5 4. Bg5 e6 5. Nf3 Be7 6. e3 O-O 7. Bd3 Nbd7 8. O-O Re8 9. Re1 Qc7 10. Rc1 h6 11. Bh4 dxc4 12. Bxc4 Qa5 13. Qd3 Nb6 14. Bb3 Nbd5 15. a3 Nxc3 16. Rxc3 Nd5 17. Bc2 Bxh4 18. Rc5 Qd8 19. Qh7+ Kf8 20. Qh8+ Ke7 21. Qxg7 Bf6 22. Qg3 Rg8 23. Qh3 Qf8 24. Ne5 Qg7 25. f4 Bxe5 26. dxe5 Qg4 27. Qxg4 Rxg4 28. Kf2 Bd7 29. h3 Rg7 30. Kf3 Rag8 31. g4 b6 32. Rc4 c5 33. e4 Bb5 34. exd5 Bxc4 35. d6+ Kd7 36. Ba4+ b5 37. Bc2 Bd5+ 38. Ke3 f6 39. Be4 fxe5 40. fxe5 Bxe4 41. Kxe4 h5 42. Rc1 c4 43. b3 cxb3 44. Rb1 hxg4 45. Rxb3 g3 46. Rb1 g2 47. Rg1 Rg3 48. Kd4 Rxh3 49. Kc5 Rh1 0-1

[Event "DFMMLV 2019"]
[Site "Braunfels"]
[Date "2019.06.23"]
[Round "5.17"]
[White "Froehlich, Franziska"]
[Black "Braeutigam, Irina"]
[Result "0-1"]
[ECO "B22"]
[WhiteElo "1820"]
[BlackElo "1973"]
[Annotator "NA"]
[PlyCount "24"]
[EventDate "2019.06.20"]
[EventType "team-tourn"]
[EventCountry "GER"]
[SourceTitle "playchess.com"]
[Source "ChessBase"]
[SourceQuality "1"]
[WhiteTeam "Wuerttemberg 2"]
[BlackTeam "Schleswig Holstein"]
[TimeControl "40/5400+30:1800+30"]

1. e4 c5 2. c3 d5 3. exd5 Qxd5 4. d4 Nc6 5. Nf3 Bf5 6. Na3 cxd4 7. Nb5 O-O-O 8. cxd4 e5 9. Nc3 Qa5 10. Bd2 exd4 11. Nb5 Re8+ 12. Be2 Qxb5 0-1

[Event "DFMMLV 2019"]
[Site "Braunfels"]
[Date "2019.06.23"]
[Round "5.18"]
[White "Glinzner, Alva"]
[Black "Yi, Wendy"]
[Result "1-0"]
[ECO "C68"]
[WhiteElo "1833"]
[BlackElo "1820"]
[Annotator "NA"]
[PlyCount "45"]
[EventDate "2019.06.20"]
[EventType "team-tourn"]
[EventCountry "GER"]
[SourceTitle "playchess.com"]
[Source "ChessBase"]
[SourceQuality "1"]
[WhiteTeam "Schleswig Holstein"]
[BlackTeam "Wuerttemberg 2"]
[TimeControl "40/5400+30:1800+30"]

1. e4 e5 2. Nf3 Nc6 3. Bb5 a6 4. Bxc6 dxc6 5. O-O Bg4 6. h3 Bxf3 7. Qxf3 Bd6 8. d3 Qf6 9. Qg3 Ne7 10. Nd2 Ng6 11. Nc4 h6 12. Ne3 Nf4 13. Qf3 h5 14. Nf5 g6 15. Nxd6+ cxd6 16. h4 Qxh4 17. g3 Nh3+ 18. Kg2 Qg4 19. Qf6 Nf4+ 20. Bxf4 exf4 21. Qxh8+ Ke7 22. Qxa8 f3+ 23. Kh2 1-0

[Event "DFMMLV 2019"]
[Site "Braunfels"]
[Date "2019.06.23"]
[Round "5.19"]
[White "Lederer, Leia"]
[Black "Leib, Britta"]
[Result "1-0"]
[ECO "C02"]
[WhiteElo "1728"]
[BlackElo "1884"]
[Annotator "NA RC"]
[PlyCount "115"]
[EventDate "2019.06.20"]
[EventType "team-tourn"]
[EventCountry "GER"]
[SourceTitle "playchess.com"]
[Source "ChessBase"]
[SourceQuality "1"]
[WhiteTeam "Wuerttemberg 2"]
[BlackTeam "Schleswig Holstein"]
[TimeControl "40/5400+30:1800+30"]

1. e4 e6 2. d4 d5 3. e5 c5 4. Nf3 cxd4 5. Nxd4 Nc6 6. Nf3 {[%emt 0:10:18] C02: French: Advance Variation} (6. Nxc6 bxc6 7. Bd3 Ne7 8. Nd2 Ng6 9. Nf3 Be7 10. Qe2 c5 11. c4 Bb7 12. O-O O-O 13. Bd2 dxc4 14. Bxc4 Bxf3 15. gxf3 Bg5 16. Be3 Bf4 17. Rfc1 Qh4 18. Bxf4 Nxf4 19. Qe3 Qg5+ 20. Kf1 Rad8 21. Rd1 Qg2+ {0-1 (21) Bastian,H (2351)-Khenkin,I (2597) Bad Liebenzell 2010}) 6... Nge7 7. Bg5 Qb6 8. Nc3 $146 ({Predecessor:} 8. b3 Ng6 9. c4 Bb4+ 10. Nbd2 dxc4 11. Bxc4 Ngxe5 12. Nxe5 Nxe5 13. Be2 O-O {0-1 (26) Klishina,N-Shumilina,A Nizhnij Novgorod 1999}) 8... a6 9. Be3 Qc7 10. Qd2 Nxe5 11. Nxe5 Qxe5 12. O-O-O h6 13. Bf4 Qh5 14. Ne4 Ng6 15. Nd6+ Bxd6 16. Bxd6 Qg5 17. f4 Qd8 18. Bb4 Ne7 19. g4 O-O 20. h4 Re8 21. h5 Nc6 22. Bd3 e5 23. f5 Qg5 24. Qxg5 hxg5 25. Ba3 e4 26. Be2 Ne5 27. Rxd5 Bd7 28. Bd6 f6 29. Bxe5 Bc6 30. Rd6 Rxe5 31. Bc4+ Kh7 32. h6 e3 33. Re1 Bf3 34. hxg7 Kxg7 35. Rd7+ Kh8 36. Be2 Bc6 37. Rf7 Rc8 38. Rxf6 Be4 39. c3 Rd8 40. Bc4 Rd2 41. Rxe3 Rc2+ 42. Kd1 Rh2 43. Re6 Rh1+ 44. Kd2 Rh2+ 45. Re2 Rxe2+ 46. Kxe2 Rxe6 47. Bxe6 Kg7 48. Ke3 Bb1 49. a3 b6 50. Kd4 Kf6 51. b4 Bc2 52. Bc8 a5 53. bxa5 bxa5 54. c4 Bd1 55. c5 Bxg4 56. c6 Bf3 57. c7 g4 58. Ba6 1-0

[Event "DFMMLV 2019"]
[Site "Braunfels"]
[Date "2019.06.23"]
[Round "5.20"]
[White "Gressmann, Hanna"]
[Black "Roesler, Hannah Clara Hed"]
[Result "1-0"]
[ECO "B25"]
[WhiteElo "1840"]
[BlackElo "1638"]
[Annotator "NA"]
[PlyCount "115"]
[EventDate "2019.06.20"]
[EventType "team-tourn"]
[EventCountry "GER"]
[SourceTitle "playchess.com"]
[Source "ChessBase"]
[SourceQuality "1"]
[WhiteTeam "Schleswig Holstein"]
[BlackTeam "Wuerttemberg 2"]
[TimeControl "40/5400+30:1800+30"]

1. e4 c5 2. Nc3 Nc6 3. g3 g6 4. Bg2 Bg7 5. d3 d6 6. f4 e6 7. Nf3 Nge7 8. O-O O-O 9. Be3 Nd4 10. e5 Nef5 11. Bf2 Nxf3+ 12. Qxf3 Nd4 13. Qd1 dxe5 14. fxe5 Bxe5 15. Ne4 f5 16. Nxc5 Qd6 17. Na4 Rd8 18. c3 Nc6 19. d4 Bg7 20. b4 Rb8 21. Nc5 b6 22. Nd3 Bb7 23. Be3 Qe7 24. Qb3 Kh8 25. Rfe1 Qd7 26. Bf4 e5 27. Nxe5 Nxe5 28. Bxe5 Rbc8 29. Bxg7+ Kxg7 30. Rac1 Bxg2 31. Kxg2 b5 32. Kf2 Re8 33. Rxe8 Rxe8 34. Re1 Re4 35. Qc2 Qf7 36. Qb3 Qe8 37. Rxe4 Qxe4 38. Qd1 Kf6 39. Qd2 g5 40. d5 Ke5 41. d6 Qa8 42. d7 Qd8 43. Qe2+ Kd6 44. Qxb5 Qxd7 45. Qxd7+ Kxd7 46. Ke3 Kc6 47. c4 Kd6 48. Kd4 h5 49. c5+ Ke6 50. b5 f4 51. gxf4 g4 52. Ke4 h4 53. f5+ Kf6 54. Kf4 g3 55. hxg3 h3 56. Kf3 Kxf5 57. b6 h2 58. Kg2 1-0

[Event "DFMMLV 2019"]
[Site "Braunfels"]
[Date "2019.06.23"]
[Round "5.21"]
[White "Hoeglauer, Jenny"]
[Black "Hielscher, Ursula"]
[Result "1-0"]
[ECO "C15"]
[WhiteElo "1703"]
[BlackElo "1796"]
[Annotator "NA"]
[PlyCount "79"]
[EventDate "2019.06.20"]
[EventType "team-tourn"]
[EventCountry "GER"]
[SourceTitle "playchess.com"]
[Source "ChessBase"]
[SourceQuality "1"]
[WhiteTeam "Wuerttemberg 2"]
[BlackTeam "Schleswig Holstein"]
[TimeControl "40/5400+30:1800+30"]

1. e4 e6 2. d4 d5 3. Nc3 Bb4 4. exd5 exd5 5. Bd2 Nf6 6. Nf3 Bg4 7. a3 Bxc3 8. Bxc3 O-O 9. Be2 Re8 10. O-O Ne4 11. Bd2 Qe7 12. Ne5 Bxe2 13. Qxe2 Nd7 14. Nxd7 Qxd7 15. Qd3 Re6 16. Rfe1 Rf6 17. f3 Nd6 18. Re2 Qf5 19. Qxf5 Nxf5 20. Rae1 h6 21. c3 Nd6 22. Re7 Nc4 23. Bc1 Rc8 24. b3 Nd6 25. Rd7 Kf8 26. Re5 Re6 27. Rxe6 fxe6 28. a4 Nf5 29. Bf4 Ke8 30. Rxc7 Rxc7 31. Bxc7 Ne3 32. Bf4 Nd1 33. Bd2 Nb2 34. Kf1 e5 35. Ke2 e4 36. fxe4 dxe4 37. Ke3 Nd1+ 38. Kxe4 Nf2+ 39. Kf3 Nd3 40. Ke2 1-0

[Event "DFMMLV 2019"]
[Site "Braunfels"]
[Date "2019.06.23"]
[Round "5.22"]
[White "Franzenburg, Maria"]
[Black "Zell, Mirjam"]
[Result "1-0"]
[ECO "A03"]
[WhiteElo "1860"]
[BlackElo "1660"]
[Annotator "NA"]
[PlyCount "83"]
[EventDate "2019.06.20"]
[EventType "team-tourn"]
[EventCountry "GER"]
[SourceTitle "playchess.com"]
[Source "ChessBase"]
[SourceQuality "1"]
[WhiteTeam "Schleswig Holstein"]
[BlackTeam "Wuerttemberg 2"]
[TimeControl "40/5400+30:1800+30"]

1. f4 d5 2. g3 c5 3. Bg2 Nc6 4. Nf3 e6 5. O-O Nf6 6. d3 Be7 7. c3 O-O 8. a4 Qc7 9. Na3 a6 10. Qe1 b6 11. e4 dxe4 12. dxe4 Bb7 13. Nc4 Rad8 14. f5 b5 15. Bf4 e5 16. Ncxe5 Nxe5 17. Bxe5 Qc6 18. axb5 axb5 19. Nd2 Rfe8 20. Qe2 c4 21. Bd4 Bc5 22. Bxc5 Qxc5+ 23. Kh1 Re7 24. Rae1 Rde8 25. Rf4 Re5 26. h3 Qe7 27. Kh2 Kf8 28. Qf2 Kg8 29. Rh4 Qc7 30. Qf4 Qc5 31. g4 h6 32. g5 Nh5 33. Rxh5 Rxf5 34. Qxf5 Qxf5 35. exf5 Rxe1 36. Bxb7 Re2+ 37. Bg2 Rxd2 38. gxh6 gxh6 39. Rxh6 Rxb2 40. Rb6 Rb3 41. f6 Rxc3 42. Be4 1-0

[Event "DFMMLV 2019"]
[Site "Braunfels"]
[Date "2019.06.23"]
[Round "5.23"]
[White "Zell, Hannah"]
[Black "Mundt, Alexandra"]
[Result "0-1"]
[ECO "A20"]
[WhiteElo "1473"]
[BlackElo "1797"]
[Annotator "NA"]
[PlyCount "120"]
[EventDate "2019.06.20"]
[EventType "team-tourn"]
[EventCountry "GER"]
[SourceTitle "playchess.com"]
[Source "ChessBase"]
[SourceQuality "1"]
[WhiteTeam "Wuerttemberg 2"]
[BlackTeam "Schleswig Holstein"]
[TimeControl "40/5400+30:1800+30"]

1. c4 e5 2. g3 Nf6 3. Bg2 d5 4. cxd5 Nxd5 5. Nc3 Ne7 6. e3 Nbc6 7. Nge2 g6 8. a3 Bg7 9. b4 a6 10. Bb2 O-O 11. O-O Kh8 12. Qc1 Bf5 13. Rd1 Bd3 14. Bf1 Qd7 15. Kg2 f5 16. Ng1 Bxf1+ 17. Rxf1 f4 18. Qc2 Rad8 19. Rad1 Qg4 20. Qe4 Nf5 21. h3 Qg5 22. Nf3 Qe7 23. exf4 Nd6 24. Qe2 exf4 25. Qxe7 Nxe7 26. Na4 Bxb2 27. Nxb2 fxg3 28. fxg3 Nc6 29. d3 Nb5 30. a4 Nc3 31. Rde1 Nxb4 32. Ne5 Rc8 33. Nd7 Rxf1 34. Rxf1 Kg7 35. Ne5 Rf8 36. Rxf8 Kxf8 37. Kf3 Nbd5 38. Nd7+ Ke7 39. Nc5 b5 40. a5 Kd6 41. Nxa6 Na4 42. Nxa4 bxa4 43. d4 a3 44. Nc5 a2 45. Nb3 Nb4 46. Na1 Kd5 47. Ke3 h6 48. g4 g5 49. a6 Nxa6 50. Kd3 Nb4+ 51. Kc3 Nc6 52. Kd3 Nxd4 53. Kc3 Ne2+ 54. Kb2 Nf4 55. Nc2 Ke4 56. Kxa2 Nxh3 57. Kb3 Nf2 58. Kc4 Nxg4 59. Nd4 Ne5+ 60. Kc5 g4 0-1

[Event "DFMMLV 2019"]
[Site "Braunfels"]
[Date "2019.06.23"]
[Round "5.24"]
[White "Freter, Anke"]
[Black "Krotsch, Maxi"]
[Result "1-0"]
[ECO "C61"]
[WhiteElo "1856"]
[BlackElo "942"]
[Annotator "NA"]
[PlyCount "91"]
[EventDate "2019.06.20"]
[EventType "team-tourn"]
[EventCountry "GER"]
[SourceTitle "playchess.com"]
[Source "ChessBase"]
[SourceQuality "1"]
[WhiteTeam "Schleswig Holstein"]
[BlackTeam "Wuerttemberg 2"]
[TimeControl "40/5400+30:1800+30"]

1. e4 e5 2. Nf3 Nc6 3. Bb5 Nd4 4. Nxd4 exd4 5. O-O c6 6. Bc4 d5 7. exd5 cxd5 8. Bb3 Be7 9. d3 Nf6 10. Nd2 O-O 11. Nf3 Qc7 12. h3 Qd7 13. Nxd4 Bc5 14. Be3 Qe7 15. c3 Qe5 16. Nf3 Qh5 17. Bxc5 Re8 18. Bd6 Qg6 19. Bg3 Nh5 20. Nh4 Qg5 21. Qf3 Re6 22. Qxd5 Qe7 23. Qxh5 g6 24. Qf3 Rf6 25. Qe4 Re6 26. Bxe6 Bxe6 27. Rfe1 g5 28. Nf5 Qf6 29. Nd4 Re8 30. Nxe6 Rxe6 31. Qxb7 Ra6 32. Re8+ Kg7 33. Be5 Kh6 34. Bxf6 Rxf6 35. Re7 Kg6 36. Rae1 Kg7 37. Qxa7 Kg6 38. g4 Kg7 39. Rd7 Kg6 40. Ree7 Rf3 41. Kg2 Rf6 42. Rxf7 Rxf7 43. Rxf7 h6 44. Rf5 h5 45. Qf7+ Kh6 46. Rf6# 1-0

[Event "DFMMLV 2019"]
[Site "Braunfels"]
[Date "2019.06.23"]
[Round "5.26"]
[White "Mucha, Annegret"]
[Black "Plass, Mariana-Camelia"]
[Result "0-1"]
[ECO "B23"]
[WhiteElo "2050"]
[BlackElo "2042"]
[Annotator "NA"]
[PlyCount "100"]
[EventDate "2019.06.20"]
[EventType "team-tourn"]
[EventCountry "GER"]
[SourceTitle "playchess.com"]
[Source "ChessBase"]
[SourceQuality "1"]
[WhiteTeam "Thueringen"]
[BlackTeam "NRW"]
[TimeControl "40/5400+30:1800+30"]

1. e4 c5 2. Nc3 g6 3. f4 Bg7 4. Nf3 Nc6 5. Bc4 d6 6. O-O e6 7. d3 Nge7 8. Qe1 a6 9. a4 O-O 10. Qh4 Nd4 11. f5 Nxf3+ 12. Rxf3 gxf5 13. Rh3 f6 14. Qxh7+ Kf7 15. Bh6 Rg8 16. exf5 d5 17. Bxg7 Rxg7 18. Qh5+ Kf8 19. Qh8+ Ng8 20. Bb3 c4 21. dxc4 dxc4 22. Ba2 Qb6+ 23. Kh1 Qxb2 24. Rd1 Bd7 25. Rh7 Rxh7 26. Qxh7 Qxc3 27. Qxd7 Qxc2 28. fxe6 Ne7 29. Qd4 Kg8 30. Bb1 Qe2 31. Be4 c3 32. Bf3 Qe5 33. Qxe5 fxe5 34. Rc1 Rc8 35. Bxb7 Rc4 36. Bxa6 Rxa4 37. Bb7 Rb4 38. h3 Rxb7 39. Rxc3 Rb6 40. Kg1 Rxe6 41. Kf2 Kf7 42. g4 Kg6 43. h4 Nd5 44. Ra3 e4 45. Ra5 e3+ 46. Ke1 Nf4 47. Rg5+ Kh6 48. Rf5 Re4 49. g5+ Kh5 50. Rf6 e2 0-1

[Event "DFMMLV 2019"]
[Site "Braunfels"]
[Date "2019.06.23"]
[Round "5.27"]
[White "Sokalska, Viktorija"]
[Black "Skibbe, Diana"]
[Result "0-1"]
[ECO "C47"]
[WhiteElo "1961"]
[BlackElo "1986"]
[Annotator "NA"]
[PlyCount "48"]
[EventDate "2019.06.20"]
[EventType "team-tourn"]
[EventCountry "GER"]
[SourceTitle "playchess.com"]
[Source "ChessBase"]
[SourceQuality "1"]
[WhiteTeam "NRW"]
[BlackTeam "Thueringen"]
[TimeControl "40/5400+30:1800+30"]

1. e4 e5 2. Nf3 Nf6 3. Nc3 Nc6 4. Bc4 Nxe4 5. Nxe4 d5 6. Bxd5 Qxd5 7. Nc3 Qd8 8. Qe2 Bd6 9. d3 O-O 10. Be3 f6 11. O-O-O Re8 12. Qd2 Be6 13. h3 Bf8 14. d4 exd4 15. Nxd4 Nxd4 16. Qxd4 c6 17. Qxd8 Raxd8 18. Bxa7 Ra8 19. Be3 Bb4 20. Bd2 Bxc3 21. Bxc3 Rxa2 22. Rhe1 Ra1+ 23. Kd2 Rd8+ 24. Ke2 Bc4+ 0-1

[Event "DFMMLV 2019"]
[Site "Braunfels"]
[Date "2019.06.23"]
[Round "5.28"]
[White "Jacke, Corinna"]
[Black "Sokalskaja, Elena"]
[Result "1/2-1/2"]
[ECO "B15"]
[WhiteElo "2001"]
[BlackElo "2014"]
[Annotator "NA"]
[PlyCount "43"]
[EventDate "2019.06.20"]
[EventType "team-tourn"]
[EventCountry "GER"]
[SourceTitle "playchess.com"]
[Source "ChessBase"]
[SourceQuality "1"]
[WhiteTeam "Thueringen"]
[BlackTeam "NRW"]
[TimeControl "40/5400+30:1800+30"]

1. e4 c6 2. d4 d5 3. Nc3 g6 4. e5 Bg7 5. f4 Nh6 6. Nf3 O-O 7. Bd3 f6 8. O-O Nf7 9. Ne2 Qb6 10. Kh1 Na6 11. c3 fxe5 12. fxe5 Nc7 13. Qe1 Ne6 14. Qh4 Qc7 15. Nf4 Nxf4 16. Bxf4 Be6 17. Rf2 Rae8 18. Raf1 Qd7 19. Be3 c5 20. h3 a6 21. Kg1 b6 22. Ng5 1/2-1/2